 Dungeon Crawl Stone Soup version 0.28.0-47-ge53b351184 (webtiles) character file.

Game seed: 5335068021410039322

163 Bruhh the Chiller (level 5, 0/37 HPs)
             Began as a Gnoll Ice Elementalist on Apr 30, 2022.
             Killed from afar by Sigmund (11 damage)
             ... with a puff of flame
             ... on level 4 of the Dungeon.
             The game lasted 00:05:29 (4676 turns).

Bruhh the Chiller (Gnoll Ice Elementalist)          Turns: 4676, Time: 00:05:30

Health: 0/37       AC:  2    Str:  7    XL:     5   Next: 44%
Magic:  4/12       EV: 13    Int: 16    God:
Gold:   125        SH:  0    Dex: 13    Spells: 5/14 levels left

rFire   . . .      SeeInvis .   l - +0 trident
rCold   . . .      Faith    .   (no shield)
rNeg    . . .      Spirit   .   a - +0 robe
rPois   .          Reflect  .   (no helmet)
rElec   .          Harm     .   (no cloak)
rCorr   .          Rampage  .   (no gloves)
Will    .....                   (no boots)
Stlth   +++.......              (no amulet)
HPRegen 0.12/turn               (no ring)
MPRegen 0.13/turn               (no ring)

@: flying
A: fangs 1, strong nose, distributed training
a: no special abilities


You were on level 4 of the Dungeon.
You visited 1 branch of the dungeon, and saw 4 of its levels.

You collected 125 gold pieces.

Inventory:

Hand Weapons
 l - a +0 trident (weapon)
Armour
 a - a +0 robe (worn)
Magical Staves
 e - a staff of conjuration
Scrolls
 b - 4 scrolls of identify {unknown}
 c - a scroll of noise {unknown}
 h - a scroll of fear {unknown}
 j - a scroll of magic mapping {unknown}
 k - a scroll of vulnerability {unknown}
Potions
 g - a potion of invisibility
 i - a potion of lignification {unknown}
 m - a potion of attraction {unknown}
 o - a potion of haste {unknown}


   Skills:
 + Level 1.5 Fighting
 + Level 1.5 Short Blades
 + Level 1.5 Long Blades
 + Level 1.5 Axes
 + Level 1.5 Maces & Flails
 + Level 1.5 Polearms
 + Level 1.5 Staves
 + Level 1.5 Slings
 + Level 1.5 Bows
 + Level 1.5 Crossbows
 + Level 1.5 Throwing
 + Level 1.5 Armour
 + Level 4.8 Dodging
 + Level 4.4 Stealth
 + Level 1.5 Shields
 + Level 1.5 Unarmed Combat
 + Level 5.2 Spellcasting
 + Level 1.2 Conjurations
 + Level 1.2 Hexes
 + Level 1.2 Summonings
 + Level 1.2 Necromancy
 + Level 1.2 Translocations
 + Level 1.2 Transmutations
 + Level 1.2 Fire Magic
 + Level 7.2 Ice Magic
 + Level 1.2 Air Magic
 + Level 1.2 Earth Magic
 + Level 1.2 Poison Magic
 + Level 1.7 Invocations
 + Level 1.5 Evocations


You had 5 spell levels left.
You knew the following spells:

 Your Spells              Type           Power      Damage    Failure   Level
a - Freeze                Ice            100%       1d11      1%          1
b - Frozen Ramparts       Ice            54%        1d7       2%          3
c - Ozocubu's Armour      Ice            27%        N/A       2%          3
d - Poisonous Vapours     Pois/Air       16%        N/A       14%         2

Your spell library contained the following spells:

 Spells                   Type           Power      Damage    Failure   Level
 Corpse Rot               Necr/Air       16%        N/A       14%         2
 Hailstorm                Conj/Ice       17%        3d6       26%         4


Dungeon Overview and Level Annotations

Branches:
Dungeon (4/15)
 Temple: D:4-7

Altars:
Cheibriados
Nemelex Xobeh

Annotations:
D:3 Grinder
D:4 Sigmund


Innate Abilities, Weirdness & Mutations

You have very sharp teeth.
Your uncanny sense of smell can sniff out nearby items.
Your experience applies equally to all skills.


Message History

You can't see any susceptible monsters within range! (Use Z to cast anyway.)
You hear some strange, mumbled words.
Something tries to affect you, but you resist.
A magic dart appears from out of thin air!
The magic dart hits you.
A magic dart appears from out of thin air!
The magic dart hits you.
There is an open door here.
Casting: Freeze (safe; 1% risk of failure)
Confirm with . or Enter, or press ? or * to list all spells.
Okay, then.
Casting: Freeze (safe; 1% risk of failure)
Confirm with . or Enter, or press ? or * to list all spells.
Casting: Frozen Ramparts (dangerous; 2% risk of failure)
Press: ? - help, Dir - look around, f - activate The walls around you are covered in ice.
A puff of flame appears from out of thin air!
The puff of flame hits you!
* * * LOW HITPOINT WARNING * * *
You hear a zap.
You turn into a sentient fungus.
Your +0 trident melds into your body.
Your +0 robe melds into your body.
The now-empty wand crumbles to dust.
You hear some strange, mumbled words.
You are confused.
It was a potion of invisibility.
You fade into invisibility!
It was a potion of cancellation.
Your magical effects are unravelling.
You feel magically purged.
You stop sporulating.
Your +0 trident unmelds from your body.
Your +0 robe unmelds from your body.
The frozen ramparts melt away.
You flicker back into view.
You feel less confused.
It was a potion of flight.
You feel very buoyant.
You fly up into the air.
It was a potion of curing.
You feel better.
A puff of flame appears from out of thin air!
The puff of flame hits you!
You die...

#........#.....# #........#.....+
#........#.....#
#........#.....#+#####
#'####...#............
#######...##...#............
#..............#............
.....+..............'...........{
.....#..........@..{#............
.....###'############............
.....#....###.........{..........
.(...#......#....................
.....#......#......(......####'#†
.....#......#.............'....#.
....('......#.............#....#.
.....#......#.....<.).....#....#.
.....########.............######.


There were no monsters in sight!

Vanquished Creatures
  A hound skeleton (D:4)
  4 adders
  2 worms (D:3)
  3 dart slugs (D:1)
  7 orcs
  7 ball pythons
  5 bats
  6 endoplasms
  2 giant cockroaches
  3 goblins
  11 hobgoblins
  12 kobolds
  4 quokkas
  6 frilled lizards
  28 rats
101 creatures vanquished.

Vanquished Creatures (others)
  7 plants
7 creatures vanquished.

Grand Total: 108 creatures vanquished

Notes
Turn   | Place    | Note
-------+----------+-------------------------------------------
     0 | D:1      | Bruhh the Gnoll Ice Elementalist began the quest for the
                  | Orb.
     0 | D:1      | Reached XP level 1. HP: 13/13 MP: 6/6
   183 | D:1      | Reached XP level 2. HP: 19/19 MP: 4/7
   253 | D:1      | You fall into a shaft and drop 1 floor!
   615 | D:2      | Found a faded altar of an unknown god.
   874 | D:2      | Reached XP level 3. HP: 25/25 MP: 7/9
   997 | D:1      | Reached skill level 5 in Spellcasting
  1295 | D:1      | Reached skill level 1 in Invocations
  1992 | D:2      | Reached skill level 1 in Fighting
  1992 | D:2      | Reached skill level 1 in Short Blades
  1992 | D:2      | Reached skill level 1 in Long Blades
  1992 | D:2      | Reached skill level 1 in Axes
  1992 | D:2      | Reached skill level 1 in Maces & Flails
  1992 | D:2      | Reached skill level 1 in Polearms
  1992 | D:2      | Reached skill level 1 in Staves
  1992 | D:2      | Reached skill level 1 in Slings
  1992 | D:2      | Reached skill level 1 in Bows
  1992 | D:2      | Reached skill level 1 in Crossbows
  1992 | D:2      | Reached skill level 1 in Throwing
  1992 | D:2      | Reached skill level 1 in Armour
  1992 | D:2      | Reached skill level 1 in Shields
  1992 | D:2      | Reached skill level 1 in Unarmed Combat
  1992 | D:2      | Reached skill level 1 in Evocations
  2033 | D:2      | Reached XP level 4. HP: 26/32 MP: 8/11
  2255 | D:2      | Learned a level 3 spell: Frozen Ramparts
  2259 | D:2      | Learned a level 3 spell: Ozocubu's Armour
  2664 | D:3      | Noticed Grinder
  2666 | D:3      | Paralysed by Grinder for 5 turns
  2677 | D:3      | Paralysed by Grinder for 2 turns
  3057 | D:2      | Learned a level 2 spell: Poisonous Vapours
  3185 | D:3      | Reached skill level 1 in Conjurations
  3185 | D:3      | Reached skill level 1 in Hexes
  3185 | D:3      | Reached skill level 1 in Summonings
  3185 | D:3      | Reached skill level 1 in Necromancy
  3185 | D:3      | Reached skill level 1 in Translocations
  3185 | D:3      | Reached skill level 1 in Transmutations
  3185 | D:3      | Reached skill level 1 in Fire Magic
  3185 | D:3      | Reached skill level 1 in Air Magic
  3185 | D:3      | Reached skill level 1 in Earth Magic
  3185 | D:3      | Reached skill level 1 in Poison Magic
  3509 | D:3      | Found a snail-covered altar of Cheibriados.
  3685 | D:3      | Reached XP level 5. HP: 37/37 MP: 9/12
  4188 | D:4      | Found a sparkling altar of Nemelex Xobeh.
  4290 | D:4      | Noticed Sigmund
  4666 | D:4      | HP: 1/37 [something/puff of flame (11)]
  4676 | D:4      | Killed from afar by Sigmund

Illustrated notes

Levels and vault maps discovered:
D:1:      elethiomel_arrival_infinity_welcomes_careful_drivers, layout_basic,
          lexackson_kobold_supper
D:2:      layout_loops_corners, shapermc_ecumenical_altar_ellora, wad_orctagon
D:3:      layout_rooms, cheibrodos_worm_habitat, minmay_rat_hole, uniq_grinder
D:4:      layout_gridville, lemuel_round_altar, uniq_sigmund

Skill      XL: |  1  2  3  4 |
---------------+-------------+-----
Spellcasting   | 5 |  5.2
Invocations    | 1 |  1.7
Fighting       | 1 |  1.5
Short Blades   | 1 |  1.5
Long Blades    | 1 |  1.5
Axes           | 1 |  1.5
Maces & Flails | 1 |  1.5
Polearms       | 1 |  1.5
Staves         | 1 |  1.5
Slings         | 1 |  1.5
Bows           | 1 |  1.5
Crossbows      | 1 |  1.5
Throwing       | 1 |  1.5
Armour         | 1 |  1.5
Shields        | 1 |  1.5
Unarmed Combat | 1 |  1.5
Evocations     | 1 |  1.5
Conjurations   | 1 |  1.2
Hexes          | 1 |  1.2
Summonings     | 1 |  1.2
Necromancy     | 1 |  1.2
Translocations | 1 |  1.2
Transmutations | 1 |  1.2
Fire Magic     | 1 |  1.2
Air Magic      | 1 |  1.2
Earth Magic    | 1 |  1.2
Poison Magic   | 1 |  1.2
Dodging        | |  4.8
Stealth        | |  4.4
Ice Magic      | |  7.2

Action                   |  1- 3 |  4- 6 || total
-------------------------+-------+-------++-------
Melee: Unarmed           |    17 |     6 ||    23
       Trident           |       |    78 ||    78
       Bite              |       |     6 ||     6
 Cast: Freeze            |    58 |    39 ||    97
       Frozen Ramparts   |       |     3 ||     3
       Poisonous Vapours |       |     5 ||     5
       Ozocubu's Armour  |       |     1 ||     1
  Use: Potion            |       |     4 ||     4
 Stab: Sleeping          |       |     5 ||     5
Armor: Robe              |     6 |    13 ||    19
       Skin              |       |     1 ||     1
Dodge: Dodged            |    32 |    81 ||   113
